 Dungeon Crawl Stone Soup version 0.29.1-1-gd02db6906a (webtiles) character file.

Game seed: 11599873477301739316

671 safid the Shooter (level 7, -1/64 HPs)
             Began as a Minotaur Hunter on Sept 23, 2022.
             Slain by an ogre
             ... wielding a +0 giant spiked club
              (26 damage)
             ... on level 5 of the Dungeon.
             The game lasted 00:05:48 (3925 turns).

safid the Shooter (Minotaur Hunter)                 Turns: 3925, Time: 00:05:48

Health: -1/64      AC:  3    Str: 15    XL:     7   Next: 32%
Magic:  6/6        EV: 13    Int:  6    God:
Gold:   366        SH:  0    Dex: 16    Spells: 6/6 levels left

rFire   . . .      SeeInvis .   a - +0 shortbow
rCold   . . .      Faith    .   (shield currently unavailable)
rNeg    . . .      Spirit   .   n - +1 robe "Atuhesab" {rElec rPois Will+}
rPois   +          Reflect  .   (helmet restricted)
rElec   +          Harm     .   (no cloak)
rCorr   +          Rampage  .   (no gloves)
Will    +....                   (no boots)
Stlth   ++........              (no amulet)
HPRegen 0.20/turn               j - ring of resist corrosion
MPRegen 0.10/turn               (no ring)

@: no status effects
A: horns 2, retaliatory headbutt
a: no special abilities


You were on level 5 of the Dungeon.
You visited 1 branch of the dungeon, and saw 5 of its levels.

You collected 366 gold pieces.

Inventory:

Hand Weapons
 a - a +0 shortbow (weapon)
Missiles
 v - 3 silver javelins
 w - a throwing net
Armour
 c - a +0 leather armour
 n - the +1 robe "Atuhesab" (worn) {rElec rPois Will+}
   (You found it on level 2 of the Dungeon)

   rElec:     It insulates you from electricity.
   rPois:     It protects you from poison.
   Will:      It increases your willpower.
Jewellery
 j - a ring of resist corrosion (left hand)
 r - a ring of flight
 x - a ring of protection from cold
Scrolls
 b - 2 scrolls of immolation
 d - a scroll of torment {unknown}
 e - 2 scrolls of enchant armour {unknown}
 g - 3 scrolls of noise {unknown}
 h - a scroll of magic mapping {unknown}
 k - 2 scrolls of teleportation {unknown}
 m - 2 scrolls of blinking {unknown}
 o - 2 scrolls of vulnerability {unknown}
 p - 6 scrolls of identify {unknown}
 u - 2 scrolls of poison {unknown}
 y - a scroll of summoning {unknown}
Potions
 f - a potion of heal wounds {unknown}
 i - a potion of might {unknown}
 l - 2 potions of magic {unknown}
 q - a potion of invisibility {unknown}
 s - a potion of berserk rage {unknown}
 t - a potion of flight {unknown}
 z - a potion of mutation {unknown}


   Skills:
 + Level 6.6 Fighting
 + Level 7.3 Ranged Weapons
 - Level 4.0 Dodging
 - Level 0.7 Stealth


You had 6 spell levels left.
You didn't know any spells.
Your spell library contained the following spells:

 Spells                   Type           Power      Damage    Failure   Level
 Magic Dart               Conj           0%         1d3       45%         1
 Call Imp                 Summ           0%         N/A       58%         2
 Mephitic Cloud           Conj/Pois/Air  0%         N/A       83%         3


Dungeon Overview and Level Annotations

Branches:
Dungeon (5/15)
 Temple: D:4-7

Altars:
Cheibriados
Dithmenos
Ru
The Shining One


Innate Abilities, Weirdness & Mutations

You have a pair of horns on your head.
You reflexively headbutt those who attack you in melee.


Message History

The adder barely misses you.
You shoot an arrow. The arrow hits the adder!
You kill the adder!
No target in view!
No target in view!
y - a scroll labelled EHIMOA HOMOBA
Found a stone staircase leading down.
You now have 366 gold pieces (gained 13).
You see here a +0 falchion of protection.
p - 6 scrolls labelled WINTAIPNER (gained 1)
An ogre comes into view. It is wielding a +0 giant spiked club.
Found a sacrificial altar of Ru.
The ogre moves out of view.
You shoot an arrow. The arrow hits the ogre!
The ogre is moderately wounded.
You shoot an arrow. The arrow barely misses the ogre.
You shoot an arrow.
The arrow hits the ogre but does no damage.
The ogre is moderately wounded.
You shoot an arrow. The arrow hits the ogre.
The ogre is heavily wounded.
The ogre hits you with a +0 giant spiked club!!
You shoot an arrow. The arrow hits the ogre.
The ogre is severely wounded.
The ogre barely misses you.
You shoot an arrow. The arrow closely misses the ogre.
The ogre barely misses you.
You shoot an arrow. The arrow hits the ogre.
The ogre is almost dead.
The ogre barely misses you.
You shoot an arrow. The arrow barely misses the ogre.
You shoot an arrow. The arrow barely misses the ogre.
The ogre hits you with a +0 giant spiked club!
You are too injured to fight recklessly!
You are too injured to fight recklessly!
Fire: a) +0 shortbow
Press: ? - help, Q - select action, (/) - cycle Shift-Dir - straight line, f/p - ogre
Aim: an ogre, wielding a +0 giant spiked club (almost dead, 79% to hit)
You shoot an arrow. The arrow barely misses the ogre.
The ogre hits you with a +0 giant spiked club!!
You die...

.#####.###.#.#######
....................
.........#.#.....#.# #
.........#.####..# .#
..............^..# .##
........##.#####.# ...#
........##.......# .....
............####.#......
###########.# #@O..._..
#.# ###...... #.# #.....
#.# #...# #.# #.## #.#
..# .#


You could see an ogre.

Vanquished Creatures
  Grinder (D:3)
  A gnoll sergeant (D:4)
  A necrophage (D:4)
  A scorpion (D:4)
  A hound (D:4)
  A jelly (D:5)
  2 iguanas (D:4)
  7 gnolls
  6 adders
  4 worms
  2 orcs (D:3)
  5 ball pythons
  4 bats
  3 endoplasms
  A giant cockroach (D:2)
  7 hobgoblins
  4 jackals (D:2)
  2 quokkas
  5 frilled lizards
  3 goblins
  11 kobolds
  5 rats
77 creatures vanquished.

Vanquished Creatures (others)
  10 plants (D:3)
10 creatures vanquished.

Grand Total: 87 creatures vanquished

Notes
Turn   | Place    | Note
-------+----------+-------------------------------------------
     0 | D:1      | safid the Minotaur Hunter began the quest for the Orb.
     0 | D:1      | Reached XP level 1. HP: 18/18 MP: 0/0
   206 | D:1      | Reached XP level 2. HP: 25/25 MP: 1/1
   684 | D:2      | Identified the +1 robe "Atuhesab" {rElec rPois Will+}
   838 | D:2      | Reached XP level 3. HP: 31/31 MP: 2/2
  1010 | D:2      | Found a glowing golden altar of the Shining One.
  1144 | D:2      | Reached skill level 5 in Ranged Weapons
  1176 | D:2      | Reached XP level 4. HP: 35/39 MP: 3/3
  1761 | D:3      | Noticed Grinder
  1773 | D:3      | Killed Grinder
  1774 | D:3      | Reached skill level 6 in Ranged Weapons
  1774 | D:3      | Reached XP level 5. HP: 11/47 MP: 4/4
  1774 | D:3      | Reached XP level 6. HP: 13/55 MP: 5/5
  2240 | D:3      | Reached skill level 5 in Fighting
  2859 | D:4      | Found a shadowy altar of Dithmenos.
  2943 | D:4      | Reached skill level 7 in Ranged Weapons
  2943 | D:4      | Reached XP level 7. HP: 48/63 MP: 6/6
  3129 | D:4      | Found a snail-covered altar of Cheibriados.
  3747 | D:5      | Entered Level 5 of the Dungeon
  3914 | D:5      | Found a sacrificial altar of Ru.
  3925 | D:5      | Slain by an ogre

Illustrated notes

Levels and vault maps discovered:
D:1:      spicycebolla_arrival_xxxplode, layout_basic
D:2:      layout_basic, basic_altar, nrook_campfire
D:3:      layout_basic, serial_bayou_pond_c, uniq_grinder
D:4:      layout_basic, amcnicky_altar_gilded,
          mainiacjoe_overflow_concentric_impassable
D:5:      kennysheep_spiral_hall, layout_basic,
          nicolae_hepliaklqana_hippocampus, lemuel_round_altar,
          minmay_temple_entry_enclosed_plants, serial_shops, kennysheep_mini,
          minmay_misc_feat_diagonals

Skill      XL: |  1  2  3  4  5  6 |
---------------+-------------------+-----
Fighting       | 3 4 6 |  6.6
Dodging        | 3 4 |  4.0
Ranged Weapons | 5 6 7 |  7.3
Stealth        | |  0.7

Action                   |  1- 3 |  4- 6 |  7- 9 || total
-------------------------+-------+-------+-------++-------
 Fire: Shortbow          |    84 |   128 |    61 ||   273
Armor: Robe              |     8 |     9 |     6 ||    23
Dodge: Dodged            |    16 |    38 |    12 ||    66
